Map: Orbital Shipyard

Players

Kelazhur - Winner!

  • Race: Terran Terran
  • League: Diamond

lIIlllllIIII (HuK)

  • Race: Protoss Protoss
  • League: Grandmaster

Event: NationWars III

VOD

Have the link to the VOD?

Description

Time

  • Played on: Nov. 20, 2015, 4:01 p.m.
  • Length: 20:50

All games in this series

Show
View Real Time Build Order
Export as new Build Order

Kelazhur Terran - Winner!

Build Orders: Liberator Opening, MMM Bio 

Get SALT Encoding   

  12  0:01  SCV  
  13  0:13  SCV  
  14  0:17  Supply Depot  
  14  0:25  SCV  
  15  0:39  SCV  
  15  0:40  Barracks  
  16  0:45  Refinery  
  16  0:51  SCV  
  17  1:03  SCV  
  18  1:16  SCV  
  19  1:28  Orbital Command  
  20  1:36  Barracks Reactor  
  19  1:42  Command Center  
  19  1:55  SCV  
  19  1:59  Supply Depot  
  20  2:08  SCV, Factory  
  21  2:13  Marine x2  
  23  2:18  Refinery  
  23  2:22  SCV  
  24  2:31  Marine x2  
  24  2:35  SCV  
  27  2:41  Barracks  
  27  2:47  SCV  
  27  2:49  Marine x2  
  30  2:56  Orbital Command  
  30  3:00  SCV  
  31  3:09  Starport  
  31  3:10  Factory Reactor  
  31  3:12  Marine  
  31  3:15  Marine  
  31  3:17  SCV  
  34  3:23  SCV  
  35  3:30  Barracks Tech Lab  
  35  3:31  Marine  
  35  3:32  Marine  
  35  3:33  SCV  
  37  3:39  Supply Depot  
  36  3:41  SCV  
  36  3:45  Liberator x2  
  37  3:50  SCV  
  37  3:52  Refinery  
  37  3:53  Marine x3  
  37  3:55  SCV  
  48  4:10  Supply Depot  
  48  4:15  SCV x2  
  50  4:18  Stimpack  
  50  4:22  Marine  
  50  4:23  Marine x2  
  53  4:27  SCV  
  53  4:28  Liberator  
  53  4:30  Refinery  
  54  4:32  SCV, Supply Depot  
  54  4:38  Liberator  
  55  4:39  SCV  
  55  4:44  SCV  
  55  4:45  Marine x2  
  61  4:54  Supply Depot  
  65  5:00  SCV x2  
  66  5:08  Marine x2  
  66  5:10  Marauder  
  66  5:12  Liberator  
  66  5:13  Supply Depot  
  70  5:14  Engineering Bay  
  70  5:18  SCV  
  70  5:21  Liberator  
  71  5:27  SCV  
  71  5:28  Marine x2  
  77  5:41  SCV, Marauder  
  80  5:50  Supply Depot  
  80  5:51  SCV  
  80  5:54  Marine x2  
  83  5:57  SCV  
  83  6:03  SCV  
  85  6:05  Terran Infantry Weapons Level 1, Barracks  
  85  6:14  SCV  
  83  6:19  Marine  
  83  6:20  Marauder, Marine  
  83  6:23  Combat Shields  
  83  6:25  Medivac x2  
  91  6:28  SCV x2  
  93  6:39  Supply Depot, Liberator  
  93  6:41  Marine  
  93  6:42  Marine  
  95  6:48  Liberator  
  95  6:53  Barracks Tech Lab  
  95  6:56  Command Center  
  99  7:08  SCV x2  
  99  7:09  Bunker  
  99  7:12  Marine x2  
  99  7:13  Marauder x2  
  107  7:22  SCV  
  106  7:32  Supply Depot  
  106  7:33  SCV  
  106  7:34  SCV  
  108  7:39  Barracks x2, Medivac  
  108  7:41  Concussive Shells  
  110  7:44  Marine  
  110  7:49  Marauder  
  109  7:54  Marauder, Medivac  
  113  7:59  SCV x2  
  113  8:04  Marine x2  
  117  8:08  SCV, Liberator  
  117  8:09  Liberator  
  117  8:10  Marauder  
  104  8:16  Marauder  
  105  8:24  Marine  
  105  8:25  Marine  
  88  8:38  Barracks Tech Lab  
  88  8:39  Barracks Reactor  
  88  8:40  Marauder x2  
  88  8:41  Terran Infantry Armor Level 1, SCV  
  92  8:42  SCV  
  92  8:44  Refinery  
  92  8:46  Marine x2  
  96  8:49  Orbital Command  
  96  8:54  SCV x2  
  98  9:01  Marauder x2  
  101  9:04  Missile Turret  
  101  9:05  Marine  
  101  9:06  SCV x2, Liberator x2, Marine  
  105  9:10  Marauder  
  105  9:18  SCV x2  
  105  9:19  Supply Depot  
  105  9:22  Marauder x2, Marine x2  
  105  9:23  Marine  
  120  9:32  Marauder, Marine  
  120  9:36  SCV x2  
  125  9:39  Marine x2  
  125  9:40  Supply Depot  
  125  9:41  SCV  
  125  9:44  Supply Depot, Marauder  
  130  9:49  Liberator x2  
  130  9:56  Marauder, Marine x2  
  130  9:57  Marauder  
  136  10:05  Command Center  
  142  10:08  Marauder, Marine  
  142  10:12  Supply Depot  
  145  10:18  Marauder  
  145  10:20  Marauder, Marine x3  
  152  10:29  Armory, Marine x2  
  152  10:30  Engineering Bay  
  153  10:39  Marauder  
  153  10:40  Refinery  
  153  10:42  Marauder  
  157  10:46  Marine x3  
  157  10:48  Marauder  
  157  10:49  Medivac  
  164  11:01  Medivac  
  164  11:02  Liberator  
  165  11:04  Marauder  
  165  11:07  Marine  
  165  11:08  Marine  
  165  11:11  Supply Depot  
  165  11:12  Supply Depot  
  165  11:14  Liberator  
  165  11:16  Marauder  
  165  11:17  Marauder  
  131  11:25  Marauder  
  131  11:28  Marine x4  
  131  11:32  Terran Infantry Weapons Level 2  
  128  11:35  Terran Infantry Armor Level 2  
  128  11:38  Marauder  
  130  11:45  Liberator  
  130  11:47  Marauder x2  
  130  11:48  Marine  
  130  11:53  Marine x3  
  138  11:57  Liberator  
  138  11:58  Marine  
  138  12:00  Missile Turret  
  141  12:09  Marauder  
  141  12:11  Starport  
  141  12:13  Marine x2  
  141  12:14  Marauder, Marine x2  
  152  12:25  Marauder  
  152  12:28  Liberator  
  153  12:30  Marauder  
  153  12:31  Marine x2  
  153  12:35  Marauder  
  158  12:39  Marine  
  158  12:40  Marine, Liberator  
  147  12:47  Marauder  
  147  12:49  Marine  
  145  12:51  Marauder  
  145  12:57  Marauder  
  140  12:59  Marine x3  
  135  13:07  Marine  
  135  13:08  Marauder  
  135  13:11  Liberator  
  133  13:13  Marauder  
  133  13:16  Marine  
  133  13:18  Marauder  
  135  13:20  Marine  
  135  13:22  Liberator  
  130  13:37  Marauder x2, Marine x3  
  130  13:39  Marauder  
  134  13:50  Planetary Fortress  
  134  13:53  Liberator  
  125  14:04  Marauder x3, Marine  
  125  14:05  Liberator  
  115  14:20  Marine  
  115  14:21  Marine  
  115  14:22  SCV  
  121  14:26  Marauder x2  
  121  14:27  SCV x2  
  127  14:31  SCV  
  128  14:44  SCV  
  128  14:45  SCV x3  
  132  14:48  Marauder x3  
  132  15:02  SCV x3  
  132  15:05  Terran Infantry Weapons Level 3  
  135  15:14  SCV  
  135  15:19  SCV x2  
  137  15:21  SCV  
  137  15:26  SCV  
  137  15:27  Medivac x2  
  143  15:29  Marauder, Marine  
  143  15:31  SCV  
  143  15:32  Marine  
  143  15:33  SCV  
  149  15:41  Marauder x2  
  153  15:46  SCV  
  152  15:55  Marauder  
  152  15:56  Marine  
  155  16:03  Marauder x2  
  159  16:05  Medivac x2  
  163  16:16  Command Center, Marine  
  163  16:17  Marauder  
  166  16:20  Terran Infantry Armor Level 3  
  166  16:25  Liberator  
  146  16:34  Marauder, Marine x2  
  146  16:35  Marauder  
  146  16:38  Marauder  
  139  16:40  Liberator  
  133  16:51  Marine x2  
  135  16:56  Marauder x2  
  135  17:00  Marauder  
  142  17:05  Marine  
  139  17:11  Liberator  
  139  17:13  Marine x2  
  141  17:17  Marauder x2  
  141  17:18  Refinery  
  145  17:23  Liberator  
  145  17:48  Starport Tech Lab  
  145  17:49  Marauder  
  145  17:50  Marauder  
  145  17:54  Liberator  
  145  17:55  Marauder  
  145  17:56  Marine  
  145  17:57  Marine x2  
  145  18:02  Liberator  
  145  18:06  Liberator  
  145  18:11  Marauder  
  146  18:14  Marauder  
  146  18:16  Marauder  
  152  18:27  Refinery  
  152  18:33  Marine  
  152  18:34  Marine  
  154  18:36  Marine x2  
  154  18:37  Marauder x2, Liberator  
  158  19:09  Medivac x2  
  145  19:37  Marauder x2, Marine x3  
  145  19:38  Marine, Marauder  
  151  19:59  Marauder  
  147  20:04  Marauder x2, Marine x3  
  148  20:13  Planetary Fortress  
  148  20:20  Marauder  
  145  20:21  Command Center  
  145  20:22  Marine  
  145  20:24  Marine x2  
  145  20:25  Marauder  
  145  20:26  Marauder  
  145  20:27  Barracks x2  
  155  20:29  Barracks  
Show
View Real Time Build Order
Export as new Build Order

lIIlllllIIII Protoss 

Build Orders: 1 Gate Expand, Blink Stalkers 

Get SALT Encoding   

  12  0:02  Probe (Chrono Boost)  
  13  0:13  Probe (Chrono Boost)  
  14  0:17  Pylon  
  14  0:23  Probe (Chrono Boost)  
  16  0:35  Probe (Chrono Boost)  
  16  0:40  Gateway  
  16  0:42  Assimilator  
  16  0:46  Probe (Chrono Boost)  
  17  0:58  Probe (Chrono Boost)  
  18  1:08  Probe (Chrono Boost)  
  19  1:19  Probe (Chrono Boost)  
  19  1:25  Nexus  
  20  1:32  Cybernetics Core  
  20  1:37  Probe (Chrono Boost)  
  21  1:40  Assimilator  
  21  1:48  Probe (Chrono Boost)  
  21  1:51  Pylon  
  22  1:59  Probe (Chrono Boost)  
  23  2:08  Warp Gate  
  23  2:10  Mothership Core (Chrono Boost)  
  27  2:28  Probe (Chrono Boost)  
  26  2:37  Probe (Chrono Boost)  
  26  2:38  Twilight Council, Probe (Chrono Boost)  
  28  2:48  Probe (Chrono Boost)  
  28  2:49  Probe (Chrono Boost)  
  30  2:52  Robotics Facility  
  30  2:58  Probe (Chrono Boost)  
  30  2:59  Probe (Chrono Boost)  
  30  3:04  Gateway  
  32  3:09  Probe (Chrono Boost)  
  32  3:10  Probe (Chrono Boost)  
  34  3:14  Blink (Chrono Boost)  
  35  3:20  Probe (Chrono Boost)  
  35  3:21  Probe (Chrono Boost)  
  36  3:30  Probe (Chrono Boost)  
  36  3:31  Probe (Chrono Boost)  
  38  3:40  Assimilator  
  38  3:41  Probe (Chrono Boost)  
  39  3:42  Probe (Chrono Boost)  
  39  3:43  Observer  
  39  3:46  Assimilator  
  39  3:47  Pylon  
  41  3:51  Probe (Chrono Boost)  
  41  3:52  Probe (Chrono Boost)  
  43  3:56  Gateway  
  43  3:58  Gateway  
  43  3:59  Pylon  
  43  4:02  Probe (Chrono Boost)  
  44  4:03  Probe (Chrono Boost)  
  44  4:05  Observer  
  46  4:12  Probe (Chrono Boost)  
  46  4:17  Probe (Chrono Boost)  
  48  4:18  Sentry  
  48  4:19  Stalker  
  48  4:22  Pylon  
  48  4:23  Warp Prism  
  52  4:25  Probe (Chrono Boost)  
  52  4:26  Forge  
  55  4:37  Gateway  
  55  4:51  Pylon  
  55  4:54  Templar Archives  
  55  4:58  Adept x4  
  63  5:04  Observer  
  63  5:06  Gateway  
  63  5:08  Protoss Ground Weapons Level 1 (Chrono Boost)  
  63  5:17  Photon Cannon  
  63  5:18  Photon Cannon  
  63  5:21  Stalker x2  
  63  5:26  Stalker  
  63  5:36  Stalker  
  63  5:38  Probe x2  
  67  5:47  Stalker  
  63  5:50  Probe x2  
  65  5:59  Stalker  
  69  6:05  Stalker  
  69  6:07  Stalker  
  71  6:16  Stalker  
  71  6:17  Stalker  
  72  6:23  Probe (Chrono Boost)  
  72  6:24  High Templar x2  
  78  6:25  Probe (Chrono Boost)  
  78  6:34  Psionic Storm  
  78  6:42  Pylon x2  
  78  6:43  Pylon  
  78  6:55  Protoss Ground Armor Level 1  
  78  7:00  Probe  
  79  7:05  Nexus  
  79  7:08  Pylon  
  79  7:09  Probe  
  80  7:18  Probe  
  81  7:26  Stalker x4  
  89  7:30  Stalker  
  90  7:37  Pylon  
  90  7:41  Pylon  
  84  7:55  Stalker  
  84  7:56  Stalker x4  
  92  8:11  Archon  
  75  8:23  Stalker x4  
  75  8:24  Stalker x2  
  77  8:32  Probe  
  78  8:34  Probe  
  78  8:36  Probe  
  78  8:38  Protoss Ground Weapons Level 2  
  80  8:43  Warp Prism  
  80  8:47  Probe (Chrono Boost)  
  80  8:48  Mothership Core (Chrono Boost)  
  85  8:49  Assimilator  
  85  8:50  High Templar  
  85  8:51  High Templar  
  85  8:54  Probe (Chrono Boost), Assimilator  
  90  8:59  Probe (Chrono Boost)  
  91  9:07  Probe (Chrono Boost)  
  91  9:09  Probe (Chrono Boost)  
  93  9:12  Probe (Chrono Boost)  
  94  9:21  Probe (Chrono Boost)  
  94  9:25  High Templar x2  
  94  9:29  Probe x2 (Chrono Boost)  
  94  9:30  Probe (Chrono Boost), Charge (Chrono Boost)  
  101  9:41  Zealot x3  
  101  9:42  Zealot  
  109  9:47  Gateway  
  109  9:48  Gateway  
  109  9:51  Gateway  
  105  10:07  Warp Prism (Chrono Boost)  
  105  10:11  Gateway  
  105  10:12  Gateway, Pylon, High Templar x3  
  113  10:15  Zealot x2  
  117  10:24  Pylon  
  117  10:26  Pylon  
  117  10:28  Pylon  
  115  10:40  Zealot x3  
  122  10:43  Observer (Chrono Boost)  
  118  10:53  Stalker x5  
  122  11:08  Zealot x3  
  89  11:35  High Templar x3  
  89  11:38  Zealot x4  
  89  11:39  Zealot  
  105  11:40  Warp Prism (Chrono Boost)  
  105  11:43  Gateway  
  105  11:44  Gateway  
  105  11:47  Protoss Ground Armor Level 2  
  107  12:04  Zealot x2  
  107  12:05  Nexus  
  107  12:07  Assimilator  
  111  12:09  High Templar x3  
  111  12:13  High Templar, Assimilator  
  119  12:17  Pylon  
  119  12:18  Stalker x3  
  119  12:20  Pylon  
  119  12:22  Pylon  
  125  12:42  Archon  
  125  12:43  Zealot x6  
  133  12:49  Zealot x2  
  135  12:57  Zealot  
  131  13:04  Zealot x5  
  133  13:17  High Templar x4  
  133  13:18  High Templar x2  
  135  13:27  Zealot x3  
  135  13:28  Zealot x2  
  139  13:35  Archon x2  
  139  13:36  Archon  
  112  13:59  Zealot x3  
  112  14:00  Zealot x7  
  124  14:03  Archon  
  99  14:15  Stalker  
  99  14:16  Probe  
  92  14:22  High Templar x3  
  96  14:29  High Templar x2  
  100  14:32  Assimilator  
  100  14:38  Stalker x3  
  106  14:47  Protoss Ground Armor Level 3  
  106  15:08  Warp Prism  
  101  15:19  High Templar x3  
  107  15:24  Nexus  
  107  15:26  Pylon  
  107  15:28  Pylon  
  107  15:42  Zealot  
  107  15:43  Zealot x3  
  107  15:47  Archon  
  103  15:57  Zealot x4  
  107  16:06  High Templar x4  
  113  16:11  Archon  
  113  16:12  Archon x2  
  113  16:15  Zealot x2  
  113  16:21  Zealot x2  
  115  16:32  Zealot x2  
  93  16:38  High Templar x3  
  72  16:50  Probe  
  72  16:53  Zealot x3  
  77  17:03  High Templar  
  78  17:15  Assimilator  
  78  17:19  Assimilator  
  78  17:23  Zealot x6  
  84  17:46  Zealot x4  
  84  17:47  Zealot x2  
  86  17:59  Assimilator  
  80  18:20  Templar Archives  
  80  18:26  Zealot x6  
  92  18:30  Pylon  
  92  18:32  Stalker x2  
  96  18:34  Pylon  
  96  18:50  Zealot x4  
  84  19:12  Zealot x6  
  88  19:22  Stalker x2  
  92  19:29  High Templar x3  
  98  19:43  Stalker x4  
  106  19:55  Zealot  
  106  19:56  Zealot  
  106  20:12  Zealot x2  
  106  20:13  Zealot x4  
  110  20:24  High Templar x3  
  116  20:29  Archon x2  
  116  20:35  Zealot x4  
Tags
 
Add a new tag
Caveats
  • Supply blocks, unpowered buildings, or Contaminate may cause inaccurate times.
  • Supply counts are checked every 10 seconds.